Unix NetHack Version 5.0.0-0 post-release - last build Jul 19 2026 19:10:59 (3aa4ab31751d3886436d94b585a96704892fd477,branch:main).

Game began 2026-07-20 23:50:13, ended 2026-07-22 22:28:21.

KnightLite, lawful female dwarven Archeologist

            -----                ------------------------------- ---     -----
 |.     . 0.0....|               |....|?...|/=%(|0............^|....|......./|
 |.-----..}%.---.|               |....|....|..)[|..............|.%..|.%......|
 |.<^......|^| |.|               |....|....|[%%%|--.00-|-------|..^...0......|
 |.---..}..|   |.|.|--.|         |....|....|.)%%|..............-^...0........|
 |.  |.....|   |.......|   ..|   |....0....|....|..............|....|....=...|
     |.-----   ----|.}.---...|--%--%-000-|----|--....-------...--------0-|----
     |.|             |...%.}.|..........)..).........|.....|...............
     |.|              .----..|.|...........%[........|.._..|.[......(......
     |.|                   .0.(|.--|----0000-.---....|.....|...----------|--
     |.|                    }.-|.|...0|0...|    |....---|---...|(./..[|.....
                               |)|....0.)..|    |.[...........0|.*")"[|.)...
                        }      |.|---.0.---------.%...-----...)-.))*[.|.....
                               |.|.....................0|.|....|).([%.| .B.
                               |.|---------|-000--|---|...|....|---------|
                               |.|....|.....0........|.|..-....|....^.....
                               |.|....-%......|......|....|....|.>...V.@...
                               |.|^...|.......|......|..|.|....|..&........
                               -------------------------------------------
KnightLite the Excavator   St:25 Dx:18 Co:19 In:16 Wi:16 Ch:15  Lawful
Dlvl:39 $:0  HP:0(223) Pw:51(51) AC:-30 Xp:17 T:34592 

Latest messages:
 You see here a statue of a stone golem.
 $ - 182 gold pieces (3045 in total).
 $ - 129 gold pieces (3174 in total).
 Where do you want to travel to?
 (For instructions type a '?')
 You find a fire trap.
 Really step onto that fire trap? [yn] (n) n
 Where do you want to travel to?
 (For instructions type a '?')
 What do you want to use or apply?
 You put 3174 gold pieces into the bag of holding.
 What do you want to rub?
 You now wield a blessed magic lamp (lit).
 In a cloud of smoke, a djinni emerges!
 The djinni speaks.
 "I am in your debt.  I will grant one wish!"
 You may wish for an object.
 For what do you wish? blessed cockatrice corpse
 Oops!  The cockatrice corpse drops to the floor!
 You have a little trouble lifting a cockatrice corpse.  Continue? [ynq] (q) y
 You have a little trouble lifting D - a cockatrice corpse.
 Your movements are slowed slightly because of your load.
 What do you want to use or apply?
 You put a wand of cold (0:4) into the bag of holding.
 You put an uncursed wand of fire named EMPTY into the bag of holding.
 You put an uncursed wand of light into the bag of holding.
 You put a wand of lightning (0:4) into the bag of holding.
 Your movements are now unencumbered.
 What do you want to wield?
 D - a cockatrice corpse (wielded).
 You climb up the stairs.
 You begin bashing monsters with your cockatrice corpse.
 You hit Orcus with the cockatrice corpse.
 Orcus is slowing down.
 Orcus turns to stone.
 You hit the vampire bat with the cockatrice corpse.
 The lapidifying vampire bat drops to the floor!
 A vampire rises from the floor with renewed agility!
 The vampire hits!
 The vampire just misses!
 You hit the vampire with the cockatrice corpse.
 The vampire is slowing down.
 The vampire turns to stone.
 You find a fire trap.
 You hear a nearby zap.
 You fall into a pit!
 You land on a set of sharp iron spikes!
 Falling, you touch the cockatrice corpse.
 You turn to stone...
 Do you want your possessions identified? [ynq] (y) q

Inventory:
 Amulets  ('"')
  a - an uncursed amulet of flying
  U - a blessed amulet of reflection (being worn)
 Weapons  (')')
  r - the blessed +7 Grayswandir
  j - a blessed +7 silver saber (alternate weapon; not wielded)
 Armor    ('[')
  c - a blessed very burnt +5 elven leather helm (being worn)
  n - a blessed rustproof +4 pair of gauntlets of power (being worn)
  L - a blessed +4 pair of speed boots (being worn)
  M - a blessed burnt +4 cloak of displacement (being worn)
  q - a blessed fireproof +4 T-shirt with text "Asidonhopo once said: the namesake of my enemy is my enemy" (being worn)
  N - a blessed +4 gray dragon scale mail (being worn)
 Comestibles  ('%')
  D - a blessed cockatrice corpse (wielded)
  l - an uncursed lizard corpse
 Rings    ('=')
  X - a blessed ring of free action (on left hand)
  G - an uncursed ring of levitation
  i - a blessed ring of shock resistance (on right hand)
  b - an uncursed ring of warning
 Wands    ('/')
  w - a wand of cancellation (0:5)
  F - a wand of cancellation (0:5)
  J - a wand of cancellation (0:4)
  S - a wand of death (0:3)
  k - a wand of digging (0:4)
  C - a wand of teleportation (0:7)
 Tools    ('(')
  Y - a blessed bag of holding containing 102 items
  h - an empty uncursed sack
  f - the Bell of Opening (0:3)
  P - a blessed oil lamp (lit)
  d - the blessed Orb of Detection (0:5)
  s - an uncursed skeleton key
  e - an uncursed towel
  V - a blessed +0 unicorn horn
 Gems/Stones  ('*')
  o - a blessed luckstone
  g - an uncursed touchstone
 Special
 (list likely candidates)

Contents of the bag of holding:
  13499 gold pieces
  an uncursed amulet of life saving
  an uncursed +0 alchemy smock with text "Gehennom's Kitchen"
  an uncursed slime mold
  an uncursed banana
  9 uncursed C-rations
  2 uncursed cram rations
  2 uncursed food rations
  8 uncursed K-rations
  an uncursed pancake
  4 uncursed pears
  an uncursed tripe ration
  an uncursed tin of snake meat
  a blessed tin of nurse meat
  an uncursed lizard corpse
  2 blessed scrolls of blank paper
  a blessed scroll of blank paper
  2 blessed scrolls of blank paper
  a cursed scroll of blank paper
  an uncursed scroll of charging
  2 blessed scrolls of earth
  an uncursed scroll of enchant armor
  an uncursed scroll of enchant weapon
  a blessed scroll of genocide
  an uncursed scroll of light
  5 uncursed scrolls of teleportation
  2 cursed scrolls of teleportation
  an uncursed diluted potion of levitation
  an uncursed diluted potion of hallucination
  an uncursed diluted potion of polymorph
  9 potions of holy water
  an uncursed potion of water
  2 potions of unholy water
  2 uncursed diluted potions of booze
  2 uncursed diluted potions of confusion
  an uncursed potion of confusion
  an uncursed potion of extra healing
  a cursed potion of extra healing
  an uncursed diluted potion of extra healing
  an uncursed potion of full healing
  2 uncursed diluted potions of gain level
  a cursed potion of gain level
  an uncursed potion of healing
  5 uncursed diluted potions of paralysis
  a blessed +0 ring of adornment
  an uncursed ring of searching
  an uncursed ring of searching
  a cursed -1 ring of gain strength
  a cursed ring of cold resistance
  an uncursed ring of conflict
  an uncursed ring of fire resistance
  an uncursed ring of fire resistance
  an uncursed ring of levitation
  an uncursed ring of poison resistance
  an uncursed ring of protection from shape changers
  an uncursed ring of regeneration
  an uncursed ring of slow digestion
  a cursed wand of slow monster (0:5)
  a wand of cold (0:4)
  a wand of create monster (0:12)
  a wand of create monster (0:11)
  a wand of create monster (0:14)
  a wand of create monster (0:11)
  a cursed wand of digging (0:5)
  a cursed wand of digging (0:6)
  a cursed wand of digging (0:5)
  a cursed wand of digging (0:7)
  a wand of digging (0:7)
  a wand of digging (0:4)
  a wand of fire named EMPTY (0:0)
  a wand of fire (0:7)
  a wand of fire (0:7)
  a wand of light (0:2)
  a wand of lightning (0:4)
  a wand of lightning (0:2)
  a wand of magic missile named EMPTY (0:0)
  a wand of magic missile named EMPTY (0:0)
  a wand of polymorph (0:5)
  a wand of polymorph (0:4)
  a wand of secret door detection (0:10)
  a wand of speed monster (0:3)
  a wand of speed monster (0:5)
  a wand of striking (0:2)
  a wand of striking named EMPTY (0:0)
  a wand of striking (0:5)
  a wand of teleportation (0:1)
  a cursed wand of teleportation (0:4)
  a wand of teleportation (0:6)
  a wand of undead turning (0:6)
  a blessed magic marker (1:26)
  a blessed magic marker (1:6)
  a blessed tinning kit (0:57)
  an uncursed jacinth stone
  4 uncursed amethyst stones
  an uncursed chrysoberyl stone
  2 uncursed citrine stones
  3 uncursed diamonds
  3 uncursed emeralds
  an uncursed garnet stone
  an uncursed jade stone
  2 uncursed rubies
  an uncursed turquoise stone

KnightLite the Archeologist's attributes:

Background:
 You were an Excavator, a level 17 female dwarven Archeologist.
 You were lawful, on a mission for Quetzalcoatl
 who was opposed by Camaxtli (neutral) and Huhetotl (chaotic).
 You were right-handed.
 You were in Gehennom, on level 39.
 You entered the dungeon 34592 turns ago.
 It was nighttime.
 You had 651733 experience points, 628267 more were needed to attain level 18.

Basics:
 You had 0 out of 223 hit points.
 You had all 51 energy points (spell power).
 Your armor class was -30.
 Your wallet was empty, but
 you had 13499 zorkmids stashed away in your pack.
 Autopickup was on for '0' plus thrown, with exceptions.

Final Characteristics:
 Your strength was 25 (base:18/01, innate limit:18/100).
 Your dexterity was 18 (peak:19, limit:20).
 Your constitution was 19 (limit:20).
 Your intelligence was 16 (limit:16).
 Your wisdom was 16 (limit:16).
 Your charisma was 15 (limit:16).

Final Status:
 You were trapped in a spiked pit.
 You weren't hungry.
 You were unencumbered.
 You were wielding a corpse.

Final Attributes:
 You were piously aligned.
 You were magic-protected.
 You were fire resistant.
 You were cold resistant.
 You were sleep resistant.
 You were disintegration resistant.
 You were shock resistant.
 Your items were protected from electric shocks.
 You were poison resistant.
 You were telepathic.
 You had automatic searching.
 You had infravision.
 You were displaced.
 You were stealthy.
 You had a small defense bonus (+4).
 You were warded.
 You took half spell damage.
 You were very fast.
 You had reflection.
 You had free action.
 You were lucky.
 You had extra luck.
 Good luck did not time out for you.
 You are dead.

Miscellaneous:
 You didn't encounter any bones levels.
 Total elapsed playing time was 10 hours, 43 minutes and 35 seconds.

Major events:
 Turn
    1: KnightLite the lawful female dwarven Archeologist entered the dungeon
 1721: attained the rank of Field Worker (level 3)
 2552: made her first wish - "blessed +2 gray dragon scale mail", got "a gray dragon scale mail"
 2717: entered the Gnomish Mines
 3959: reached Mine Town
 4352: made her first artifact wish - "blessed +2 Grayswandir", got "a silver saber named Grayswandir"
 5326: attained the rank of Investigator (level 6)
 6975: entered Sokoban
 7258: completed 1st Sokoban level
 7899: completed 2nd Sokoban level
 8368: completed 3rd Sokoban level
 9222: completed 4th Sokoban level
 9443: acquired the Sokoban amulet of reflection
12259: attained the rank of Exhumer (level 10)
12742: acquired the Mines' End luckstone
13799: entered the Bigroom
20391: attained the rank of Excavator (level 14)
20977: entered Home 1, the Quest
21161: Lord Carnarvon has granted access to proceed deeper into the quest
21266: entered Home 2, the Quest
21487: entered Home 3, the Quest
22078: entered Home 4, the Quest
22284: entered Home 5, the Quest
22554: found the Orb of Detection on the floor
22567: killed the Minion of Huhetotl
22581: acquired the Bell of Opening
25096: performed her first genocide (class L)
26752: killed Medusa
27465: wished for "blessed rustproof +2 gauntlets of power", got "a pair of fencing gloves"
27469: wished for "blessed magic marker", got "a magic marker"
27612: wished for "uncursed magic marker", got "a magic marker"
28263: genocided master mind flayers
28370: genocided mind flayers
29235: entered Gehennom
30040: wished for "blessed fireproof +2 T-shirt", got "a T-shirt"
31724: killed Juiblex
32324: bribed Asmodeus with 34 zorkmids for safe passage
33379: attained the rank of Spelunker (level 18)
33588: killed Baalzebub
34585: wished for "blessed cockatrice corpse", got "a cockatrice corpse"
34588: killed Orcus
34592: petrified by a cockatrice corpse

Spells:
 Name                 Level Category     Fail Retention
 invisibility           4   escape       100%    (gone)
 drain life             2   attack        50%    (gone)
 detect monsters        1   divination    47%    (gone)
 cause fear             3   enchantment   95%    (gone)
 force bolt             1   attack        47%    (gone)
 confuse monster        1   enchantment   47%    (gone)
 stone to flesh         3   healing       95%    1%-25%
 sleep                  3   enchantment   95%    1%-25%
 restore ability        4   healing      100%    1%-25%
 create monster         2   clerical      50%    1%-25%
 extra healing          3   healing       95%    1%-25%
 light                  1   divination    47%   26%-50%
 cure blindness         2   healing       50%   26%-50%

Skills:
 Fighting Skills
   bare handed combat [Unskilled]
   two weapon combat  [Basic]
   riding             [Unskilled]
 Weapon Skills
   dagger             [Unskilled]
   knife              [Unskilled]
   pick-axe           [Basic]
   short sword        [Unskilled]
   saber              [Expert]
   club               [Unskilled]
   quarterstaff       [Unskilled]
   sling              [Unskilled]
   dart               [Unskilled]
   boomerang          [Unskilled]
   whip               [Basic]
   unicorn horn       [Unskilled]
 Spellcasting Skills
   attack spells      [Unskilled]
   healing spells     [Unskilled]
   divination spells  [Unskilled]
   matter spells      [Unskilled]

Voluntary challenges:
 Character rerolling was not enabled.
 You genocided 6 types of monsters.
 You never polymorphed an object.
 You never changed form.
 You used 7 wishes (1 for an artifact).
 You did not violate any of the special Sokoban rules.
Achievements:
 You entered a shop.
 You attained the rank of Field Worker.
 You entered the Gnomish Mines.
 You entered Minetown.
 You entered a temple.
 You attained the rank of Investigator.
 You entered Sokoban.
 You completed Sokoban.
 You attained the rank of Exhumer.
 You completed the Gnomish Mines.
 You entered the Big Room.
 You attained the rank of Excavator.
 You had the Bell of Opening.
 You defeated Medusa.
 You entered Gehennom.
 You attained the rank of Spelunker.

 The Dungeons of Doom: levels 1 to 28
    Level 1:
       A fountain, a grave.
    Level 2:
       A ring shop.
    Level 3:
       A potion shop.
    Level 4:
       Many altars, a sink.
       Stairs down to The Gnomish Mines.
    Level 5:
       Some fountains, a grave.
    Level 6:
       A throne, a fountain.
    Level 7:
    Level 8:
       Many fountains.
       Oracle of Delphi.
    Level 9:
       A grave.
       Stairs up to Sokoban, level 8.
    Level 10:
       Many trees.
    Level 11:
    Level 12:
       Many trees.
       A very big room.
    Level 13:
       A fountain.
    Level 14:
       Many graves.
       Portal to The Quest.
    Level 15:
       A primitive area.
    Level 16:
       A fountain.
    Level 17:
       A potion shop.
    Level 18:
       Many altars.
    Level 19:
       A throne, a fountain.
    Level 20:
       A fountain.
    Level 21:
       An armor shop, a fountain.
    Level 22:
       A throne, some fountains.
    Level 23:
       Many fountains.
    Level 24:
       A temple and an altar, a fountain.
    Level 25:
    Level 26:
    Level 27:
    Level 28:
       A throne, a fountain.
       Connection to Gehennom.
 Gehennom: levels 29 to 40
    Level 29:
       A temple and an altar, many graves.
       Valley of the Dead.
    Level 30:
    Level 31:
    Level 32:
       A fountain.
    Level 33:
    Level 34:
    Level 35:
    Level 36:
    Level 37:
    Level 38:
    Level 39: <- You were here.
       Some shops, an altar, many graves.
       Final resting place for
          you, petrified by a cockatrice corpse.
    Level 40:
 The Gnomish Mines: levels 5 to 13
    Level 5:
    Level 6:
    Level 7:
    Level 8:
       A lighting shop, a temple and an altar, some fountains, a sink.
    Level 9:
    Level 10:
    Level 11:
    Level 12:
    Level 13:
 The Quest: levels 1 to 5
    Level 1:
       A throne.
       Completed quest for Lord Carnarvon.
    Level 2:
    Level 3:
    Level 4:
    Level 5:
       A temple and an altar.
 Sokoban: levels 8 up to 5
    Level 5:
       Solved.
    Level 6:
       Solved.
    Level 7:
       Solved.
    Level 8:
       Solved.


Vanquished creatures:
    Baalzebub
    Orcus
    Juiblex
    Medusa
 an iron golem
  2 balrogs
the Minion of Huhetotl
  4 purple worms
  a gray dragon
  a gold dragon
  2 silver dragons
  3 red dragons
  a white dragon
 an orange dragon
  2 black dragons
  a blue dragon
  5 green dragons
 16 minotaurs
  a jabberwock
  2 baluchitheria
 an Angel
  5 stone golems
  a master mind flayer
  3 Olog-hai
  2 Nazgul
  2 sandestins
  a displacer beast
  4 titanotheres
  3 trappers
  a baby gray dragon
  2 baby red dragons
  3 genetic engineers
  a disenchanter
 11 vampire leaders
  5 skeletons
  a captain
  5 shades
  a lich
  4 nurses
 an ice devil
  4 nalfeshnees
  2 lurkers above
  2 ettins
  a golden naga
 19 vampires
  3 lieutenants
 30 ghosts
  a winged gargoyle
  9 giant mimics
  3 long worms
  a zruty
  7 ogre tyrants
  2 ice trolls
  5 rock trolls
 an umber hulk
  3 flesh golems
  4 elven monarchs
  2 doppelgangers
  2 hezrous
 11 bone devils
  9 large mimics
  2 wumpuses
  4 fire vortices
  5 stalkers
  2 air elementals
  4 fire elementals
  2 earth elementals
  2 water elementals
  a hill giant
  3 giant mummies
  5 xorns
 18 giant zombies
  5 elf-nobles
  4 sergeants
  3 barbed devils
  6 vrocks
  a salamander
  9 wargs
  a winter wolf
 19 small mimics
  4 glass piercers
  6 warhorses
  3 steam vortices
  2 xans
  2 ettin mummies
  6 ogre leaders
  2 quantum mechanics
  7 trolls
  a sasquatch
  2 wood golems
  2 mariliths
  4 sharks
  6 electric eels
  6 gelatinous cubes
  a pyrolisk
  3 freezing spheres
  6 flaming spheres
  3 shocking spheres
  2 tigers
  6 gargoyles
  2 dwarf rulers
  5 ochre jellies
  3 leocrottas
  3 energy vortices
  4 mountain centaurs
  3 stone giants
  5 elf mummies
 26 human mummies
  5 red nagas
  2 green slimes
 14 pythons
 11 pit vipers
  2 cobras
 43 wraiths
  5 carnivorous apes
 15 ettin zombies
  a leather golem
  9 Grey-elves
 49 soldiers
  a watchman
  2 amorous demons
  2 horned devils
  3 chameleons
  7 crocodiles
  5 giant beetles
  2 quivering blobs
  3 cockatrices
  3 wolves
 12 winter wolf cubs
  2 lynxes
  a panther
  7 gremlins
  2 leprechauns
  2 orc-captains
  4 iron piercers
  2 mumakil
 20 giant spiders
  2 scorpions
  9 horses
  4 black lights
  4 vampire bats
  3 forest centaurs
  a gnome ruler
  7 orc mummies
  5 dwarf mummies
 an ogre
  a brown pudding
  5 rust monsters
  6 owlbears
  2 yetis
  2 gold golems
  2 werewolves
  3 Green-elves
  4 giant eels
 15 lizards
  2 chickatrices
  2 dingoes
  a dog
  5 housecats
  6 jaguars
  4 blue jellies
  2 gray unicorns
  2 black unicorns
  6 dust vortices
  6 ravens
  3 plains centaurs
  8 gnome mummies
 39 snakes
  7 apes
 18 human zombies
  a rope golem
 14 Woodland-elves
  4 soldier ants
 10 fire ants
 20 bugbears
  3 imps
  2 lemures
  6 quasits
  9 water nymphs
  9 Mordor orcs
  6 Uruk-hai
  4 orc shamans
  7 rock piercers
  5 rock moles
  2 ponies
  6 fog clouds
  8 yellow lights
  2 shriekers
  4 violet fungi
  5 gnome leaders
  3 gnomish wizards
  a kobold mummy
  a red naga hatchling
  2 golden naga hatchlings
  a guardian naga hatchling
  5 gray oozes
  a barrow wight
  7 elf zombies
  9 ghouls
  a straw golem
  3 paper golems
  a jellyfish
  6 giant ants
  2 little dogs
  7 floating eyes
  2 kittens
  2 dwarves
  2 homunculi
  4 kobold leaders
  6 kobold shamans
 25 hill orcs
  8 rothes
  2 rabid rats
  a centipede
  2 giant bats
 11 monkeys
 16 orc zombies
 12 dwarf zombies
  4 wererats
  a werejackal
  8 iguanas
 16 killer bees
  4 acid blobs
  a coyote
  a gas spore
 10 hobbits
  4 large kobolds
 10 hobgoblins
  4 giant rats
  8 cave spiders
  a brown mold
  a yellow mold
  a green mold
  4 red molds
 24 gnomes
 33 garter snakes
 15 gnome zombies
  6 geckos
  7 jackals
  3 foxes
  3 kobolds
  8 goblins
  4 sewer rats
 18 grid bugs
  6 bats
  8 lichens
 13 kobold zombies
  6 newts
1372 creatures vanquished.

Genocided species:
 arch-liches
 master liches
 demiliches
 master mind flayers
 liches
 mind flayers
6 species genocided.

Game over:
                       ----------
                      /          \
                     /    REST    \
                    /      IN      \
                   /     PEACE      \
                  /                  \
                  |    KnightLite    |
                  |     13499 Au     |
                  |  petrified by a  |
                  |    cockatrice    |
                  |      corpse      |
                  |                  |
                  |       2026       |
                 *|     *  *  *      | *
        _________)/\\_//(\/(/\)/\//\/|_)_______

Goodbye KnightLite the Archeologist...

You turned to stone in Gehennom on dungeon level 39 with 693026 points,
and 13499 pieces of gold, after 34592 moves.
You were level 17 with a maximum of 223 hit points when you turned to stone.

